 Dungeon Crawl Stone Soup version 0.30-a0-715-gdb4ae3ece1 (webtiles) character file.

Game seed: 15306650579208353554

1127 wormed the Cudgeller (level 8, -3/60 HPs)
             Began as a Gnoll Wanderer on Jan 25, 2023.
             Was an Initiate of Cheibriados.
             Slain by Pikel
             ... wielding a +1 whip of electrocution
              (5 damage)
             ... on level 5 of the Dungeon.
             The game lasted 00:05:12 (5590 turns).

wormed the Cudgeller (Gnoll Wanderer)               Turns: 5590, Time: 00:05:12

Health: -3/60      AC: 11    Str: 14    XL:     8   Next: 35%
Magic:  22/22      EV: 11    Int: 13    God:    Cheibriados [......]
Gold:   303        SH:  5    Dex: 13    Spells: 13/13 levels left

rFire   . . .      SeeInvis .    a - +2 short sword
rCold   . . .      Faith    .    c - +0 buckler
rNeg    . . .      Spirit   .    u - +1 ring mail "Atuerol" {MP+9}
rPois   .          Reflect  .    t - +2 helmet
rElec   .          Harm     .    (no cloak)
rCorr   .          Rampage  .    v - +0 pair of gloves
Will    .....                    (no boots)
Stlth   ++                       (no amulet)
HPRegen 0.30/turn                (no ring)
MPRegen 0.18/turn                (no ring)

@: very slow
A: fangs 1, strong nose, distributed training
a: Renounce Religion


You were on level 5 of the Dungeon.
You worshipped Cheibriados.
Cheibriados was noncommittal.
You visited 1 branch of the dungeon, and saw 5 of its levels.

You collected 303 gold pieces.

Inventory:

Hand Weapons
 a - a +2 short sword (weapon)
 b - a +0 mace
Missiles
 w - 11 poisoned darts
 x - an atropa-tipped dart (quivered)
Armour
 c - a +0 buckler (worn)
 t - a +2 helmet (worn)
 u - the +1 ring mail "Atuerol" (worn) {MP+9}
   (You found it on level 3 of the Dungeon)

   MP:        It affects your magic capacity (+9).
 v - a +0 pair of gloves (worn)
Jewellery
 B - a ring of flight
Wands
 d - a wand of iceblast (8)
 p - a wand of polymorph (4)
Scrolls
 g - 4 scrolls of identify {unknown}
 k - 9 scrolls of teleportation {unknown}
 m - a scroll of fear {unknown}
 n - a scroll of fog {unknown}
 o - a scroll of enchant armour {unknown}
 r - a scroll of immolation {unknown}
 y - a scroll of butterflies {unknown}
 z - a scroll of poison {unknown}
 A - 2 scrolls of noise {unknown}
Potions
 e - 2 potions of brilliance {unknown}
 f - 3 potions of flight {unknown}
 h - 3 potions of curing {unknown}
 i - 3 potions of might {unknown}
 l - a potion of cancellation {unknown}
 s - 2 potions of magic {unknown}


   Skills:
 + Level 4.2 Fighting
 + Level 5.7 Short Blades
 + Level 3.3 Long Blades
 + Level 3.3 Axes
 + Level 7.4 Maces & Flails
 + Level 3.3 Polearms
 + Level 3.3 Staves
 + Level 3.3 Ranged Weapons
 + Level 4.2 Throwing
 + Level 4.2 Armour
 + Level 3.3 Dodging
 + Level 4.1 Stealth
 + Level 4.2 Shields
 + Level 3.3 Unarmed Combat
 + Level 3.3 Spellcasting
 + Level 2.7 Conjurations
 + Level 2.7 Hexes
 + Level 2.7 Summonings
 + Level 2.7 Necromancy
 + Level 2.7 Translocations
 + Level 2.7 Transmutations
 + Level 2.7 Fire Magic
 + Level 2.7 Ice Magic
 + Level 2.7 Air Magic
 + Level 2.7 Earth Magic
 + Level 2.7 Poison Magic
 + Level 3.6 Invocations
 + Level 3.3 Evocations


You had 13 spell levels left.
You didn't know any spells.
Your spell library contained the following spells:

 Spells                   Type           Power      Damage    Failure   Level
 Shock                    Conj/Air       36%        1d5       19%         1
 Swiftness                Air            9%         N/A       50%         3
 Airstrike                Air            4%         2d(1-17)  88%         4


Dungeon Overview and Level Annotations

Branches:
Dungeon (5/15)             Temple (0/1) D:5

Altars:
Ashenzari
Cheibriados
Dithmenos

Shops:
D:2 *:

Annotations:
D:5 Pikel


Innate Abilities, Weirdness & Mutations

You have very sharp teeth.
Your uncanny sense of smell can sniff out nearby items.
Your experience applies equally to all skills.


Message History

Pikel is almost dead.
Pikel misses you. The lemure hits you but does no damage.
You hit Pikel but do no damage.
Pikel is almost dead.
Pikel barely misses you. The lemure barely misses you.
You hit Pikel but do no damage.
Pikel is almost dead.
Pikel hits you with a +1 whip of electrocution.
The lemure closely misses you.
You hit Pikel.
Pikel is almost dead.
You hit Pikel.
Pikel is almost dead.
You block Pikel's attack. The lemure hits you but does no damage.
You hit Pikel. You bite Pikel, but do no damage.
Pikel is almost dead.
Pikel hits you with a +1 whip of electrocution.
The lemure hits you!
* * * LOW HITPOINT WARNING * * *
You miss Pikel.
Pikel is almost dead.
The lemure hits you.
* * * LOW HITPOINT WARNING * * *
Pikel closely misses you.
You hit Pikel but do no damage. Your bite misses Pikel.
Pikel is almost dead.
Pikel hits you with a +1 whip of electrocution!
* * * LOW HITPOINT WARNING * * *
The lemure barely misses you.
You barely miss Pikel.
Pikel is almost dead.
Throw: 2 darts (atropa)
Press: ? - help, Q - select action, (/) - cycle Shift-Dir - straight line, f/p - Pikel
Aim: Pikel, wielding a +1 whip of electrocution and wearing a +0 robe (almost dead, 55% to hit, chance to blind on hit: 61%)
You throw an atropa-tipped dart. The atropa-tipped dart hits Pikel!
Pikel appears confused.
Pikel is almost dead.
The lemure hits you but does no damage.
Pikel hits you with a +1 whip of electrocution.
You die...

.........# #8...8#
.........# #.....#
.........# #..>..#
†##.....## #.....#
.##.....# #8...8#
.######+## ###.###
.........# #...#
.........# #.8.#
........## #.@5#
....<...# ##K##
.........#.....55#
.........#.....l5#
.##......#.......#
.##.....##......##
. #.....##......
########......
.......


You could see Pikel (confused, blind), 4 lemures and an iguana.

Vanquished Creatures
  Sigmund (D:3)
  A black bear (D:4)
  An ogre (D:4)
  2 phantoms (D:4)
  2 necrophages
  2 howler monkeys
  A bullfrog zombie (D:4)
  Ijyb (D:3)
  Terence (D:3)
  Natasha (thrice) (D:2)
  A scorpion zombie (D:4)
  2 hound zombies (D:4)
  7 gnolls (D:4)
  A howler monkey skeleton (D:4)
  A howler monkey zombie (D:4)
  5 adders
  A white imp (D:5)
  2 adder zombies (D:4)
  2 worms (D:3)
  2 dart slugs (D:2)
  3 orcs
  10 ball pythons
  5 bats
  6 endoplasms
  A giant cockroach (D:3)
  5 goblins
  8 hobgoblins
  2 jackals (D:3)
  5 kobolds
  4 quokkas
  A frilled lizard (D:3)
  A jackal skeleton (D:4)
  3 rats
93 creatures vanquished.

Vanquished Creatures (others)
  4 withered plants (D:4)
4 creatures vanquished.

Grand Total: 97 creatures vanquished

Notes
Turn   | Place    | Note
-------+----------+-------------------------------------------
     0 | D:1      | wormed the Gnoll Wanderer began the quest for the Orb.
     0 | D:1      | wormed set off with the following items: a +2 short sword,
                  | a +0 mace, a +0 buckler, a potion of invisibility, a +0
                  | leather armour.
     0 | D:1      | Reached XP level 1. HP: 17/17 MP: 1/1
   379 | D:1      | Reached XP level 2. HP: 23/23 MP: 2/2
   441 | D:1      | You fall into a shaft and drop 1 floor!
   653 | D:2      | Reached XP level 3. HP: 19/28 MP: 3/3
   694 | D:2      | Found Ywuung's Book Shoppe.
   829 | D:2      | Found Neis Quwn's General Store.
   831 | D:2      | Noticed Natasha
   841 | D:2      | Killed Natasha
   842 | D:2      | Reached skill level 1 in Long Blades
   842 | D:2      | Reached skill level 1 in Axes
   842 | D:2      | Reached skill level 1 in Polearms
   842 | D:2      | Reached skill level 1 in Staves
   842 | D:2      | Reached skill level 1 in Ranged Weapons
   842 | D:2      | Reached skill level 1 in Dodging
   842 | D:2      | Reached skill level 1 in Unarmed Combat
   842 | D:2      | Reached skill level 1 in Spellcasting
   842 | D:2      | Reached skill level 1 in Invocations
   842 | D:2      | Reached skill level 1 in Evocations
   842 | D:2      | Reached XP level 4. HP: 34/34 MP: 5/5
   905 | D:2      | Noticed Natasha
   915 | D:2      | Killed Natasha
   916 | D:2      | Reached skill level 1 in Conjurations
   916 | D:2      | Reached skill level 1 in Hexes
   916 | D:2      | Reached skill level 1 in Summonings
   916 | D:2      | Reached skill level 1 in Necromancy
   916 | D:2      | Reached skill level 1 in Translocations
   916 | D:2      | Reached skill level 1 in Transmutations
   916 | D:2      | Reached skill level 1 in Fire Magic
   916 | D:2      | Reached skill level 1 in Ice Magic
   916 | D:2      | Reached skill level 1 in Air Magic
   916 | D:2      | Reached skill level 1 in Earth Magic
   916 | D:2      | Reached skill level 1 in Poison Magic
   993 | D:2      | Noticed Natasha
  1010 | D:2      | Killed Natasha
  1013 | D:2      | Reached XP level 5. HP: 28/40 MP: 5/7
  1458 | D:2      | Found Neis Quwn's General Store.
  1623 | D:2      | Found Ywuung's Book Shoppe.
  1870 | D:3      | Noticed Terence
  1911 | D:3      | Killed Terence
  2160 | D:3      | Noticed Ijyb
  2199 | D:3      | Killed Ijyb
  2200 | D:3      | Reached XP level 6. HP: 31/47 MP: 8/8
  2320 | D:3      | Identified the +1 ring mail "Atuerol" {MP+9}
  2465 | D:3      | Noticed Sigmund
  2502 | D:3      | Killed Sigmund
  2503 | D:3      | Reached skill level 5 in Short Blades
  3289 | D:1      | Found a faded altar of an unknown god.
  3773 | D:4      | Reached skill level 7 in Maces & Flails
  3773 | D:4      | Reached XP level 7. HP: 52/52 MP: 10/10
  3916 | D:4      | Found a broken altar of Ashenzari.
  4686 | D:4      | Reached XP level 8. HP: 19/60 MP: 12/12
  4986 | D:4      | Found a shadowy altar of Dithmenos.
  5146 | D:4      | Found a snail-covered altar of Cheibriados.
  5211 | D:4      | Became a worshipper of Cheibriados the Contemplative
  5387 | D:5      | Entered Level 5 of the Dungeon
  5536 | D:5      | Found a staircase to the Ecumenical Temple.
  5549 | D:5      | Noticed Pikel
  5578 | D:5      | HP: 3/60 [lemure[Pikel] (5)]
  5588 | D:5      | HP: 2/60 [Pikel/+1 whip of electrocution (9)]
  5590 | D:5      | Slain by Pikel

Illustrated notes

Levels and vault maps discovered:
D:1:      wander_arrival_lonely_grave, layout_loops_corners,
          dreamdust_ecumenical_altar_angels_and_demons,
          nicolae_figureground_pulse
D:2:      minmay_spotlight, layout_loops_cross, serial_shops,
          nicolae_shop_behind_doors, shop_coins, uniq_natasha
D:3:      layout_basic, uniq_sigmund, uniq_ijyb, uniq_terence
D:4:      layout_cave_pods, nicolae_dithmenos_shadow_blocks,
          cheibriados_altar_1, mainiacjoe_overflow_chevrons, serial_undead,
          serial_undead_e, serial_undead_a, serial_undead_f, serial_undead_f
D:5:      layout_gridville, nicolae_tso_swordbearing_angel,
          minmay_temple_entry_antechambers, uniq_pikel

Skill      XL: |  1  2  3  4  5  6  7  8 |
---------------+-------------------------+-----
Long Blades    | 1 2 3 |  3.3
Axes           | 1 2 3 |  3.3
Polearms       | 1 2 3 |  3.3
Staves         | 1 2 3 |  3.3
Ranged Weapons | 1 2 3 |  3.3
Dodging        | 1 2 3 |  3.3
Unarmed Combat | 1 2 3 |  3.3
Spellcasting   | 1 2 3 |  3.3
Invocations    | 1 2 3 |  3.6
Evocations     | 1 2 3 |  3.3
Conjurations   | 1 2 |  2.7
Hexes          | 1 2 |  2.7
Summonings     | 1 2 |  2.7
Necromancy     | 1 2 |  2.7
Translocations | 1 2 |  2.7
Transmutations | 1 2 |  2.7
Fire Magic     | 1 2 |  2.7
Ice Magic      | 1 2 |  2.7
Air Magic      | 1 2 |  2.7
Earth Magic    | 1 2 |  2.7
Poison Magic   | 1 2 |  2.7
Fighting       | 3 4 |  4.2
Throwing       | 3 4 |  4.2
Armour         | 3 4 |  4.2
Shields        | 3 4 |  4.2
Stealth        | 3 4 |  4.1
Short Blades   | 5 |  5.7
Maces & Flails | 7 |  7.4

Action                     |  1- 3 |  4- 6 |  7- 9 || total
---------------------------+-------+-------+-------++-------
  Melee: Short sword       |    54 |   176 |   300 ||   530
         Bite              |     3 |    15 |    31 ||    49
         Unarmed           |     4 |    20 |       ||    24
  Throw: Dart              |       |       |     1 ||     1
  Evoke: Wand              |       |     8 |    26 ||    34
    Use: Potion            |       |     1 |     1 ||     2
   Stab: Sleeping          |     1 |     5 |       ||     6
         Distracted        |       |       |     1 ||     1
 Armour: Leather armour    |    18 |    49 |       ||    67
         Skin              |     3 |    12 |       ||    15
         Ring mail         |       |    26 |   148 ||   174
  Dodge: Dodged            |    20 |   159 |   151 ||   330
  Block: Buckler           |     9 |    38 |    69 ||   116

Table legend: (Time is in decaauts)
 A = Elapsed time spent in this place.
 B = Non-inter-level travel time spent in this place.
 C = Inter-level travel time spent in this place.
 D = Time resting spent in this place.
 E = Time spent auto-exploring this place.
 F = Levels seen in this place.
 G = Mean time per level.
                   A        B        C        D        E       F      G
               +--------+--------+--------+--------+--------+-----+--------+
         Total |   5531 |   5288 |    243 |      0 |   4343 |   5 | 1106.2 |
       Dungeon |   5531 |   5288 |    243 |      0 |   4343 |   5 | 1106.2 |
               +--------+--------+--------+--------+--------+-----+--------+

Top non-repeatable levels by time:
     D:4: 1530 daAuts
     D:2: 1460 daAuts
     D:3: 1420 daAuts
     D:1: 915 daAuts
     D:5: 204 daAuts
